 Dungeon Crawl Stone Soup version 0.30-a0-377-g5cb311bc9f (webtiles) character file.

Game seed: 9489146433854434867

709 Thargor the Prestidigitator (level 7, -5/53 HPs)
             Began as a Gnoll Wanderer on Nov 28, 2022.
             Was an Initiate of Sif Muna.
             Slain by Pikel
             ... wielding a +1 whip of freezing
              (7 damage)
             ... on level 5 of the Dungeon.
             The game lasted 00:14:27 (5826 turns).

Thargor the Prestidigitator (Gnoll Wanderer)        Turns: 5826, Time: 00:14:27

Health: -5/53      AC:  2    Str: 11    XL:     7   Next: 68%
Magic:  1/13       EV: 13    Int: 16    God:    Sif Muna [......]
Gold:   264        SH:  0    Dex: 15    Spells: 10/14 levels left

rFire   . . .      SeeInvis .    g - +0 mace
rCold   . . .      Faith    .    (no shield)
rNeg    . . .      Spirit   .    d - +0 robe
rPois   .          Reflect  .    (no helmet)
rElec   .          Harm     .    (no cloak)
rCorr   .          Rampage  .    (no gloves)
Will    .....                    (no boots)
Stlth   ++........               (no amulet)
HPRegen 0.28/turn                i - ring of flight
MPRegen 0.13/turn                p - +6 ring of dexterity

@: marked, freezing walls, flying, very slightly contaminated
A: fangs 1, strong nose, distributed training
a: Renounce Religion


You were on level 5 of the Dungeon.
You worshipped Sif Muna.
Sif Muna was noncommittal.
You visited 2 branches of the dungeon, and saw 8 of its levels.

You collected 264 gold pieces.

Inventory:

Hand Weapons
 a - a +0 club
 g - a +0 mace (weapon)
Missiles
 j - 2 boomerangs (quivered)
 l - 2 throwing nets
Armour
 d - a +0 robe (worn)
Magical Staves
 w - a staff of fire
Jewellery
 i - a ring of flight (left hand)
 m - an amulet of faith
 p - a +6 ring of dexterity (right hand)
Scrolls
 f - a scroll of teleportation
 h - 2 scrolls of magic mapping
 n - a scroll of immolation
 o - 2 scrolls of enchant weapon
 r - a scroll of poison
 s - a scroll of noise
 v - a scroll of butterflies
Potions
 b - a potion of curing
 k - 3 potions of attraction {unknown}
 q - a potion of heal wounds {unknown}
 t - a potion of mutation {unknown}
 u - 2 potions of might {unknown}


   Skills:
 + Level 3.8 Fighting
 + Level 2.7 Short Blades
 + Level 2.7 Long Blades
 + Level 2.7 Axes
 + Level 2.7 Maces & Flails
 + Level 2.7 Polearms
 + Level 2.7 Staves
 + Level 2.7 Ranged Weapons
 + Level 2.7 Throwing
 + Level 2.7 Armour
 + Level 3.8 Dodging
 + Level 3.6 Stealth
 + Level 2.7 Shields
 + Level 2.7 Unarmed Combat
 + Level 4.0 Spellcasting
 + Level 2.2 Conjurations
 + Level 2.2 Hexes
 + Level 2.2 Summonings
 + Level 2.2 Necromancy
 + Level 2.2 Translocations
 + Level 2.2 Transmutations
 + Level 2.2 Fire Magic
 + Level 4.4 Ice Magic
 + Level 2.2 Air Magic
 + Level 2.2 Earth Magic
 + Level 2.2 Poison Magic
 + Level 3.0 Invocations
 + Level 9.0 Evocations


You had 10 spell levels left.
You knew the following spells:

 Your Spells              Type           Power      Damage    Failure   Level
a - Freeze                Ice            68%        1d8       2%          1
b - Frozen Ramparts       Ice            34%        1d6       9%          3

Your spell library contained the following spells:

 Spells                   Type           Power      Damage    Failure   Level
 Apportation              Tloc           20%        N/A       7%          1
 Cigotuvi's Dreadful Rot  Necr/Pois/Air  20%        N/A       11%         2
 Poisonous Vapours        Pois/Air       20%        N/A       11%         2
 Mephitic Cloud           Conj/Pois/Air  10%        N/A       21%         3
 Alistair's Intoxication  Tmut/Pois      6%         N/A       88%         5


Dungeon Overview and Level Annotations

Branches:
Dungeon (7/15)             Temple (1/1) D:6

Altars:
Ashenzari
Cheibriados
Dithmenos
Elyvilon
Fedhas
Gozag
Hepliaklqana
Kikubaaqudgha
Makhleb
Nemelex Xobeh
Okawaru
Qazlal
Ru
Sif Muna
Trog
Uskayaw
Vehumet
Wu Jian
Xom
Yredelemnul
Zin
The Shining One

Annotations:
D:3 1 runed translucent door
D:5 Pikel, Sigmund


Innate Abilities, Weirdness & Mutations

You have very sharp teeth.
Your uncanny sense of smell can sniff out nearby items.
Your experience applies equally to all skills.


Message History

Confirm with . or Enter, or press ? or * to list all spells.
Aiming: Freeze (safe; 2% risk of failure)
Press: ? - help, Shift-Dir - straight line, f/p - Pikel
Aim: Pikel, wielding a +1 whip of freezing, wearing a +0 robe and carrying a wand of flame (12) (severely wounded)
You freeze Pikel.
Pikel is severely wounded.
The frozen ramparts melt away.
The jackal closely misses you. The lemure hits you. Pikel barely misses you.
The lemure hits you.
* * * LOW HITPOINT WARNING * * *
Casting: Freeze (safe; 2% risk of failure)
Confirm with . or Enter, or press ? or * to list all spells.
Aiming: Freeze (safe; 2% risk of failure)
Press: ? - help, Shift-Dir - straight line, f/p - Pikel
Aim: Pikel, wielding a +1 whip of freezing, wearing a +0 robe and carrying a wand of flame (12) (severely wounded)
You miscast Freeze.
You are very lightly contaminated with residual magic.
Nothing appears to happen.
The lemure barely misses you.
Pikel zaps a wand.
The puff of flame hits you!
* * * LOW HITPOINT WARNING * * *
The lemure misses you.
An orc comes into view. It is wielding a +0 hand axe.
A jackal comes into view.
Casting: Freeze (safe; 2% risk of failure)
Confirm with . or Enter, or press ? or * to list all spells.
Casting: Frozen Ramparts (dangerous; 9% risk of failure)
Press: ? - help, Dir - look around, f - activate The walls around you are covered in ice.
The wall freezes the jackal but does no damage.
The jackal bites you.
* * * LOW HITPOINT WARNING * * *
A jackal comes into view.
The wall freezes the adder.
The wall freezes the lemure but does no damage.
The wall freezes the lemure.
The lemure barely misses you.
The wall freezes the jackal.
You kill the jackal!
Sif Muna accepts your kill.
The wall freezes Pikel.
Pikel hits you with a +1 whip of freezing!
You die...

.......##..####.## .#
.#.#.#.###..#...)##
#.### .......#
##...##..#####.....
.#.#.#.#
#..#####..#.......
.......# ##...#
##.........
......####....##
##....##...
....#....#.....#
#....##
#S.>.......5###Sh.##
.....#.......S5K@h†..#
....#........##55###.o#
............###..#
...... #.......#..##
#.## .#.#...
#.........## #. ......
#.........# #. #.#...
...##....## #. ..#. ##


You could see Pikel, 4 lemures, 2 adders, an orc and 2 jackals.

Vanquished Creatures
  An orc warrior (D:6)
  A black bear (D:4)
  An ogre (D:5)
  A phantom (D:5)
  A bullfrog (D:7)
  A hound (D:4)
  An orc priest (D:4)
  An iguana (D:4)
  Robin (D:3)
  4 gnolls (D:4)
  2 adders
  A shadow imp (D:6)
  2 white imps
  An ufetubus (D:7)
  4 worms
  2 dart slugs
  9 orcs
  A bat (D:1)
  9 endoplasms
  3 giant cockroaches
  22 goblins
  6 hobgoblins
  6 jackals
  4 quokkas
  2 ball pythons (D:1)
  3 frilled lizards
  10 kobolds
  A kobold skeleton (D:3)
  A kobold zombie (D:3)
  3 rats
105 creatures vanquished.

Notes
Turn   | Place    | Note
-------+----------+-------------------------------------------
     0 | D:1      | Thargor the Gnoll Wanderer began the quest for the Orb.
     0 | D:1      | Thargor set off with the following items: a +0 club, a
                  | potion of curing, a scroll of fear, a +0 robe, a wand of
                  | iceblast (3); and the following spell memorised: Freeze;
                  | and the following spells available to memorise: Frozen
                  | Ramparts.
     0 | D:1      | Reached XP level 1. HP: 17/17 MP: 4/4
   427 | D:1      | Reached XP level 2. HP: 23/23 MP: 5/5
  1122 | D:2      | You are sucked into a shaft and drop 1 floor!
  1304 | D:2      | Reached XP level 3. HP: 28/28 MP: 5/7
  1541 | D:2      | Reached skill level 1 in Invocations
  1679 | D:2      | Learned a level 3 spell: Frozen Ramparts
  1808 | D:3      | Reached skill level 1 in Short Blades
  1808 | D:3      | Reached skill level 1 in Long Blades
  1808 | D:3      | Reached skill level 1 in Axes
  1808 | D:3      | Reached skill level 1 in Maces & Flails
  1808 | D:3      | Reached skill level 1 in Polearms
  1808 | D:3      | Reached skill level 1 in Staves
  1808 | D:3      | Reached skill level 1 in Ranged Weapons
  1808 | D:3      | Reached skill level 1 in Throwing
  1808 | D:3      | Reached skill level 1 in Armour
  1808 | D:3      | Reached skill level 1 in Shields
  1808 | D:3      | Reached skill level 1 in Unarmed Combat
  2167 | D:3      | Found a runed translucent door.
  2167 | D:3      | Noticed a human
  2169 | D:3      | Found a basalt altar of Yredelemnul.
  2319 | D:3      | Reached XP level 4. HP: 22/34 MP: 5/8
  2545 | D:3      | Noticed Robin
  2557 | D:3      | Reached skill level 1 in Conjurations
  2557 | D:3      | Reached skill level 1 in Hexes
  2557 | D:3      | Reached skill level 1 in Summonings
  2557 | D:3      | Reached skill level 1 in Necromancy
  2557 | D:3      | Reached skill level 1 in Translocations
  2557 | D:3      | Reached skill level 1 in Transmutations
  2557 | D:3      | Reached skill level 1 in Fire Magic
  2557 | D:3      | Reached skill level 1 in Air Magic
  2557 | D:3      | Reached skill level 1 in Earth Magic
  2557 | D:3      | Reached skill level 1 in Poison Magic
  2565 | D:3      | Killed Robin
  3128 | D:4      | Reached XP level 5. HP: 16/41 MP: 2/9
  3327 | D:4      | Found an opulent altar of Gozag.
  3463 | D:4      | Reached XP level 6. HP: 30/47 MP: 4/11
  4160 | D:4      | Noticed a black bear
  4169 | D:4      | Killed a black bear
  4364 | D:5      | Entered Level 5 of the Dungeon
  4491 | D:5      | You are sucked into a shaft and drop 2 floors!
  4603 | D:7      | Reached XP level 7. HP: 43/52 MP: 8/12
  4681 | D:7      | Found a blossoming altar of Fedhas.
  4804 | D:6      | Found a staircase to the Ecumenical Temple.
  4833 | Temple   | Entered the Ecumenical Temple
  4880 | Temple   | Became a worshipper of Sif Muna the Loreminder
  5163 | D:5      | Noticed Sigmund
  5583 | D:5      | Reached skill level 9 in Evocations
  5815 | D:5      | Noticed Pikel
  5826 | D:5      | HP: 2/53 [jackal (3)]
  5826 | D:5      | Slain by Pikel

Illustrated notes

Levels and vault maps discovered:
D:1:      mrwooster_arrival_statue_2, layout_basic, nicolae_hexahallways
D:2:      layout_loops_ring
D:3:      kennysheep_goblin_castle, layout_loops_ring, dk_yredelemnul_ordeal
D:4:      layout_loops_ring, nicolae_gozag_seed_capital, grunt_decor_clamped
D:5:      layout_layer_cave, serial_shops, nicolae_shop_crystal, serial_glass,
          glass_columns_c, glass_columns_a, hangedman_glass_teeth, uniq_sigmund,
          uniq_pikel
D:6:      layout_cave_pools, minmay_temple_entry_grid, serial_shops, shop,
          nicolae_shop_crystal, serial_column_ruins, column_ruins_grid_1,
          column_ruins_open_tiny, column_ruins_open_small_water,
          column_ruins_grid_4, kennysheep_small_circle
D:7:      layout_loops_ring, fedhas_altar_1
Temple:   hellmonk_temple_of_storms

Skill      XL: |  1  2  3  4  5  6  7 |
---------------+----------------------+-----
Invocations    | 1 2 3 |  3.0
Short Blades   | 1 2 |  2.7
Long Blades    | 1 2 |  2.7
Axes           | 1 2 |  2.7
Maces & Flails | 1 2 |  2.7
Polearms       | 1 2 |  2.7
Staves         | 1 2 |  2.7
Ranged Weapons | 1 2 |  2.7
Throwing       | 1 2 |  2.7
Armour         | 1 2 |  2.7
Shields        | 1 2 |  2.7
Unarmed Combat | 1 2 |  2.7
Spellcasting   | 3 4 |  4.0
Conjurations   | 1 2 |  2.2
Hexes          | 1 2 |  2.2
Summonings     | 1 2 |  2.2
Necromancy     | 1 2 |  2.2
Translocations | 1 2 |  2.2
Transmutations | 1 2 |  2.2
Fire Magic     | 1 2 |  2.2
Air Magic      | 1 2 |  2.2
Earth Magic    | 1 2 |  2.2
Poison Magic   | 1 2 |  2.2
Fighting       | 3 |  3.8
Dodging        | 3 |  3.8
Ice Magic      | 4 |  4.4
Stealth        | 3 |  3.6
Evocations     | 9 |  9.0

Action                   |  1- 3 |  4- 6 |  7- 9 || total
-------------------------+-------+-------+-------++-------
Melee: Mace              |    16 |    57 |    35 ||   108
       Club              |     1 |       |       ||     1
       Punch             |     1 |     2 |     1 ||     4
       Bite              |       |     5 |     5 ||    10
Throw: Boomerang         |     6 |       |       ||     6
 Cast: Freeze            |    56 |    50 |    16 ||   122
       Frozen Ramparts   |     2 |    20 |     8 ||    30
Evoke: Wand              |       |       |     3 ||     3
  Use: Scroll            |     4 |     2 |     4 ||    10
       Potion            |       |       |     2 ||     2
 Stab: Sleeping          |       |     2 |       ||     2
Armor: Robe              |    14 |    17 |     4 ||    35
Dodge: Dodged            |    37 |    81 |    47 ||   165

Table legend: (Time is in decaauts)
 A = Elapsed time spent in this place.
 B = Non-inter-level travel time spent in this place.
 C = Inter-level travel time spent in this place.
 D = Time resting spent in this place.
 E = Time spent auto-exploring this place.
 F = Levels seen in this place.
 G = Mean time per level.
                   A        B        C        D        E       F      G
               +--------+--------+--------+--------+--------+-----+--------+
         Total |   5858 |   5712 |    146 |    282 |   4431 |   8 |  732.2 |
       Dungeon |   5802 |   5677 |    125 |    282 |   4413 |   7 |  828.9 |
        Temple |     56 |     35 |     21 |      0 |     18 |   1 |   56.0 |
               +--------+--------+--------+--------+--------+-----+--------+

Top non-repeatable levels by time:
     D:4: 1558 daAuts
     D:3: 1240 daAuts
     D:1: 1010 daAuts
     D:2: 757 daAuts
     D:5: 619 daAuts
     D:6: 362 daAuts
     D:7: 253 daAuts
  Temple: 56 daAuts
